 Dungeon Sprint DCSS version 0.24.1-4-ge52af88ad5 (webtiles) character file.

Game seed: 17073894599495371680, levelgen mode: deterministic

20 nicanaca0 the Cudgeler (level 2, -4/28 HPs)
             Began as a Minotaur Berserker on Apr 19, 2020.
             Was a Priest of Trog.
             Slain by a phantom (8 damage)
             ... in the Dungeon (Sprint IX: "|||||||||||||||||||||||||||||").
             The game lasted 00:01:08 (124 turns).

nicanaca0 the Cudgeler (Minotaur Berserker)          Turns: 124, Time: 00:01:09

Health: -4/28      AC:  2    Str: 21    XL:     2   Next: 58%
Magic:  1/1        EV: 12    Int:  4    God:    Trog [***...]
Gold:   0          SH:  0    Dex:  9    Spells: 1/1 levels left

rFire    . . .     SeeInvis .   b - +0 mace
rCold    . . .     Gourm    .   (no shield)
rNeg     . . .     Faith    .   a - +0 animal skin
rPois    .         Spirit   .   (helmet restricted)
rElec    .         Reflect  .   (no cloak)
rCorr    .         Harm     .   (no gloves)
MR       .....     NoTele   +   (no boots)
Stlth    +.........             (no amulet)
HPRegen  0.09/turn              (no ring)
MPRegen  0.07/turn              (no ring)

@: berserk cooldown, slowed, very slow
A: retaliatory headbutt, horns 2
a: Berserk, Trog's Hand, Renounce Religion


You were in the Dungeon.
You worshipped Trog.
Trog was most pleased with you.
You were not hungry.

You visited 1 branch

Inventory:

Hand Weapons
 b - a +0 mace (weapon)
Missiles
 c - a stone (quivered)
Armour
 a - a +0 animal skin (worn)
Scrolls
 i - a scroll of blinking {@r3!r}
Potions
 d - a potion of heal wounds
 f - a potion of haste {@q3}
 g - 2 potions of magic
 h - a potion of berserk rage {!q}
 P - a potion of curing {@q1}
Comestibles
 e - a chunk of flesh {@e0}
 w - a ration


   Skills:
 + Level 4.6 Fighting
 * Level 6.8 Maces & Flails
 - Level 2.4 Armour
 - Level 2.1 Dodging


You had one spell level left.
You didn't know any spells.
Your spell library was empty.

Dungeon Overview and Level Annotations

Branches:
Dungeon (1/1)

Altars:


Innate Abilities, Weirdness & Mutations

You reflexively headbutt those who attack you in melee.
You have a pair of horns on your head.


Message History

P - a potion of curing Welcome, nicanaca0 the Minotaur Berserker.
Trog says: Kill them all!
Found a staircase leading out of the dungeon.
Lua error: attempt to yield across metamethod/C-call boundary Your library has no spells.
You open the door.
A leopard gecko, 2 rats, a goblin and a kobold come into view.
The leopard gecko hisses angrily.
The goblin shouts!
The kobold shouts!
You hit the rat.
You kill the rat!
Trog accepts your kill.
Your Maces & Flails skill increases to level 4!
The kobold throws a stone.
The stone hits you.
The leopard gecko hisses menacingly.
The kobold hits you with a +0 whip.
There is an open door to the Dungeon here.
You hit the kobold. Your headbutt misses the kobold.
The kobold closely misses you.
You hit the kobold.
You kill the kobold!
Trog accepts your kill. The leopard gecko barely misses you.
You sock the leopard gecko!
You kill the leopard gecko!
Trog accepts your kill.
You can now call upon Trog for regeneration and magic resistance.
Your Maces & Flails skill increases to level 5!
You barely miss the goblin. The goblin barely misses you.
You hit the goblin.
You kill the goblin!
Trog accepts your kill.
You hit the rat. The rat closely misses you.
You closely miss the rat. Your headbutt misses the rat.
The rat closely misses you.
You hit the rat but do no damage. The rat bites you.
You closely miss the rat. The rat closely misses you.
The rat twitches its whiskers.
The rat completely misses you.
You sock the rat!
You kill the rat!
Trog accepts your kill.
c - a stone
There is an open door to the Dungeon here.
Things that are here:
a +0 whip; a leopard gecko corpse; a kobold corpse You butcher the leopard gecko corpse.
e - a chunk of flesh {@e0};
d - a potion of heal wounds
Things that are here:
a +0 whip; a leopard gecko skeleton; a kobold corpse You start resting.
You open the door.
A worm, 2 orcs, a shadow imp and a phantom come into view.
The orc shouts!
The shadow imp shouts!
The orc shouts!
The phantom blinks!
The orc closely misses you.
A red film seems to cover your vision as you go berserk!
You feel yourself moving faster!
You feel mighty!
You feel a lot more hungry. The phantom hits you.
The phantom blinks!
You feel a strong urge to attack something.
You barely miss the orc. The orc barely misses you.
You thump the orc!
You kill the orc!
Trog accepts your kill.
You barely miss the shadow imp. You hit the shadow imp.
The shadow imp misses you.
You sock the shadow imp! You headbutt the shadow imp.
The shadow imp spits at you. The shadow imp hits you.
You sock the shadow imp!
You kill the shadow imp!
Trog accepts your kill.
Trog will now gift you ammunition as you gain piety.
Your Fighting skill increases to level 4!
Your Maces & Flails skill increases to level 6!
You have reached level 2!
The phantom hits you!
The phantom blinks!
The worm closely misses you. You furiously retaliate!
You headbutt the worm!
Things that are here:
a +0 flail; an orc corpse You sock the worm!
You kill the worm!
Trog accepts your kill.
You bludgeon the orc!!
You kill the orc!
Trog accepts your kill.
You feel a strong urge to attack something.
You are no longer berserk.
You are exhausted.
You feel yourself slow down.
The phantom blinks!
You hit the phantom but do no damage.
The phantom blinks!
The phantom blinks!
The phantom hits you.
* * * LOW HITPOINT WARNING * * *
You sock the phantom! The phantom hits you!
* * * LOW HITPOINT WARNING * * *
The phantom blinks!
The phantom hits you!
You die... ▓▓▓▓▓▓▓▓▓▓▓▓▓▓▓▓▓▓ ▓<...WH...)'.....+ ▓▓▓▓▓▓▓▓▓▓▓▓▓▓▓▓▓▓

You could see a phantom.

Vanquished Creatures
  A shadow imp (D)
  A worm (D)
  A leopard gecko (D)
  2 orcs (D)
  A goblin (D)
  A kobold (D)
  2 rats (D)
9 creatures vanquished.

Notes
Turn   | Place    | Note
-------+----------+-------------------------------------------
     0 | D        | nicanaca0 the Minotaur Berserker began the quest for the
                  | Orb.
     0 | D        | Reached XP level 1. HP: 19/19 MP: 0/0
     4 | D        | Reached skill level 4 in Maces & Flails
     8 | D        | Reached ** piety under Trog
     8 | D        | Reached skill level 5 in Maces & Flails
   107 | D        | Noticed a phantom
   115 | D        | Reached *** piety under Trog
   115 | D        | Reached skill level 4 in Fighting
   115 | D        | Reached skill level 6 in Maces & Flails
   115 | D        | Reached XP level 2. HP: 28/28 MP: 1/1
   123 | D        | HP: 3/28 [phantom (7)]
   124 | D        | Slain by a phantom

Levels and vault maps discovered:
D:        linesprint [early_d, line_temple, items_1, d_10, items_2, lair_1,
          lair_end, items_3, orc_1, orc_end, items_4, d_15, swamp_1, shoals_1,
          snake_1, spider_1, d_20, vaults_1, items_5, swamp_end, shoals_end,
          snake_end, spider_end, vaults_end, d_27, items_6, zot_1, zot_end,
          crypt_end, forest_end, elf_end, slime_end, tomb_end, abyss_end,
          pan_hell_end]

Skill      XL: |  1 |
---------------+----+-----
Maces & Flails | 6 |  6.8
Fighting       | 4 |  4.6
Armour         | |  2.4
Dodging        | |  2.1

Action                   || total
-------------------------++-------
Melee: Mace              ||    21
       Headbutt          ||     1
Invok: Berserk           ||     1
Dodge: Dodged            ||    11

Levels and vault maps discovered:
D:        linesprint [early_d, line_temple, items_1, d_10, items_2, lair_1,
          lair_end, items_3, orc_1, orc_end, items_4, d_15, swamp_1, shoals_1,
          snake_1, spider_1, d_20, vaults_1, items_5, swamp_end, shoals_end,
          snake_end, spider_end, vaults_end, d_27, items_6, zot_1, zot_end,
          crypt_end, forest_end, elf_end, slime_end, tomb_end, abyss_end,
          pan_hell_end]

Table legend:
 A = Turns spent in this place as a percentage of turns spent in the entire game.
 B = Non-inter-level travel turns spent in this place as a percentage of non-inter-level travel turns spent in the entire game.
 C = Inter-level travel turns spent in this place as a percentage of turns spent in this place.
 D = Turns resting spent in this place as a percentage of non-inter-level travel turns spent in this place.
 E = Turns spent auto-exploring this place as a percentage of non-inter-level travel turns spent in this place.
 F = Non-inter-level travel turns spent in this place divided by the number of levels of this place that you've seen.
                   A       B       C       D       E      F
               +-------+-------+-------+-------+-------+----------------------
         Total | 100.0 | 100.0 |   0.0 |  65.3 |   0.0 | 124.0
       Dungeon | 100.0 | 100.0 |   0.0 |  65.3 |   0.0 | 124.0
               +-------+-------+-------+-------+-------+----------------------

Table legend:
 A = Kills in this place as a percentage of kills in entire the game.
 B = Kills by you in this place as a percentage of kills by you in the entire game.
 C = Kills by friends in this place as a percentage of kills by friends in the entire game.
 D = Other kills in this place as a percentage of other kills in the entire game.
 E = Experience gained in this place as a percentage of experience gained in the entire game.
 F = Experience gained in this place divided by the number of levels of this place that you have seen.
                   A       B       C       D       E      F
               +-------+-------+-------+-------+-------+----------------------
         Total | 100.0 | 100.0 |   N/A |   N/A | 100.0 |  29.0
       Dungeon | 100.0 | 100.0 |   N/A |   N/A | 100.0 |  29.0
               +-------+-------+-------+-------+-------+----------------------
